[Event "FIDE WCCC Open-10 2024"]
[Site "Montesilvano"]
[Date "2024.11.26"]
[Round "11.3"]
[White "Nguyen Quang Anh"]
[Black "Anand, Tsogtbileg"]
[Result "1-0"]
[Annotator "RC"]
[ECO "E20"]
[WhiteElo "1889"]
[BlackElo "1974"]
[PlyCount "118"]
[EventDate "2024.11.18"]
[EventType "swiss"]
[EventCountry "ITA"]
[SourceTitle "playchess.com"]
[Source "ChessBase"]
[SourceQuality "1"]
[TimeControl "5400+30"]

1. d4 e6 2. c4 Nf6 3. Nc3 Bb4 4. f3 c5 5. d5 O-O 6. Bg5 h6 7. Bh4 d6 8. e4 e5 9. Bd3 Nbd7 10. Nge2 Re8 11. O-O g5 12. Bf2 Nf8 13. Be3 Ng6 14. g3 Nh5 15. Qd2 Ng7 16. a3 Ba5 17. Rab1 Bc7 18. b4 b6 19. bxc5 bxc5 20. f4 f6 21. f5 Nf8 22. Bc2 Ba5 23. Ba4 Bd7 24. Qc2 Bb6 25. Bc6 Rb8 26. Qa4 Re7 27. Rb2 Ne8 28. Rfb1 Nc7 29. Kg2 Qc8 30. Bxc5 dxc5 31. d6 Rg7 32. Bxd7 Nxd7 33. dxc7 Qxc7 34. Nd5 Qc8 35. g4 h5 36. gxh5 Rh7 37. Ng3 Kh8 38. Rd1 Bd8 39. Rbd2 Rb7 40. Qa6 Qb8 41. Qe6 Nf8 42. Qc6 Rhf7 43. Qxc5 Nd7 44. Qc6 Nb6 45. Qe8+ Kh7 46. Ne3 Rbe7 47. Qxd8 Qxd8 48. Rxd8 Rd7 49. R1xd7 Rxd7 50. Rxd7+ Nxd7 51. Kf3 Nc5 52. Nd5 Kg7 53. h6+ Kxh6 54. Nxf6 Kg7 55. Ng4 Nd7 56. f6+ Kg6 57. Nf5 a5 58. Nd6 Nc5 59. f7 Kg7 1-0

[Event "FIDE WCCC Open-10 2024"]
[Site "Montesilvano"]
[Date "2024.11.26"]
[Round "11.12"]
[White "Deepak Ambattu, Rithvik"]
[Black "Cao, Frank Zhongtian"]
[Result "1/2-1/2"]
[Annotator "RC"]
[ECO "B92"]
[WhiteElo "2063"]
[BlackElo "1793"]
[PlyCount "144"]
[EventDate "2024.11.18"]
[EventType "swiss"]
[EventCountry "ITA"]
[SourceTitle "playchess.com"]
[Source "ChessBase"]
[SourceQuality "1"]
[TimeControl "5400+30"]

1. e4 c5 2. Nf3 d6 3. d4 cxd4 4. Nxd4 Nf6 5. Nc3 a6 6. Be2 e5 7. Nb3 Be7 8. Be3 Be6 9. Nd5 Nbd7 10. Qd3 O-O 11. a4 Bxd5 12. exd5 Rc8 13. a5 Ne8 14. O-O g6 15. Ra4 Ng7 16. Rb4 Qc7 17. c4 Nf5 18. Bb6 Nxb6 19. axb6 Qd7 20. Bg4 Rfe8 21. Nd2 Bd8 22. Re1 Kh8 23. Ne4 h5 24. Qh3 Kg7 25. Bxf5 gxf5 26. Ng3 Rh8 27. Nxf5+ Kf8 28. Ra1 h4 29. Qg4 Rh7 30. h3 Rc5 31. Ne3 Qxg4 32. hxg4 Ke7 33. Rc1 Kd7 34. Nf5 Rh8 35. Kh2 Bg5 36. Rc2 Rhc8 37. g3 hxg3+ 38. Nxg3 Rxd5 39. Ne4 Bf4+ 40. Kg2 Rd4 41. Nf6+ Ke7 42. Nh5 d5 43. b3 dxc4 44. Rbxc4 Rcxc4 45. bxc4 Kd6 46. c5+ Kc6 47. Nxf4 Rxf4 48. Kg3 Rd4 49. g5 Rd5 50. Kg4 Rxc5 51. Re2 Kxb6 52. Kf5 Rc3 53. Kxe5 a5 54. f4 a4 55. f5 Ka5 56. Kd4 Rg3 57. Re7 Rxg5 58. Rxb7 Rxf5 59. Kc4 Ka6 60. Rb8 Ka7 61. Rb1 Ra5 62. Kb4 Ra6 63. Ka3 f6 64. Rb4 f5 65. Rb5 Rf6 66. Kxa4 f4 67. Rh5 f3 68. Rh1 f2 69. Rf1 Kb6 70. Kb4 Rf4+ 71. Kc3 Kc5 72. Kd3 Kd5 1/2-1/2

[Event "FIDE WCCC Open-10 2024"]
[Site "Montesilvano"]
[Date "2024.11.26"]
[Round "11.38"]
[White "Friscic, Jakov"]
[Black "Ejsymont, Eryk"]
[Result "1/2-1/2"]
[Annotator "NA RC"]
[ECO "E32"]
[WhiteElo "1685"]
[BlackElo "1910"]
[PlyCount "72"]
[EventDate "2024.11.18"]
[EventType "swiss"]
[EventCountry "ITA"]
[SourceTitle "playchess.com"]
[Source "ChessBase"]
[SourceQuality "1"]
[TimeControl "5400+30"]

1. d4 Nf6 2. c4 e6 3. Nc3 Bb4 4. Qc2 O-O 5. e4 d6 6. Bd3 Nc6 7. Nge2 Ba5 8. a3 Bb6 9. d5 Ne5 10. O-O exd5 11. exd5 Nfg4 12. Bf4 Ng6 13. Bg3 f5 14. h3 N4e5 15. Nf4 Qg5 16. Nxg6 hxg6 17. Bxe5 dxe5 18. Kh2 Qh4 19. Nb5 c6 20. c5 cxb5 21. cxb6 f4 22. f3 Qg3+ 23. Kh1 Kh7 24. Qf2 Qg5 25. Bxb5 Rh8 26. d6 Be6 27. bxa7 Kg8 28. Kh2 Kf7 29. Bc4 Bxc4 30. Qc5 Be6 31. Qc7+ Kf6 32. Qe7+ Kf5 33. Qxg7 Qg3+ 34. Kh1 Rag8 35. a8=Q Rxa8 36. Rae1 Rxh3+ 1/2-1/2

[Event "FIDE WCCC Open-10 2024"]
[Site "Montesilvano"]
[Date "2024.11.26"]
[Round "11.40"]
[White "Kovacs, Balazs"]
[Black "Rama, Federico"]
[Result "1-0"]
[Annotator "NA RC"]
[ECO "B46"]
[WhiteElo "1871"]
[BlackElo "1564"]
[PlyCount "101"]
[EventDate "2024.11.18"]
[EventType "swiss"]
[EventCountry "ITA"]
[SourceTitle "playchess.com"]
[Source "ChessBase"]
[SourceQuality "1"]
[TimeControl "5400+30"]

1. e4 c5 2. Nf3 e6 3. d4 cxd4 4. Nxd4 Nc6 5. Nc3 a6 6. a3 Qc7 7. Nxc6 bxc6 8. g3 d5 9. Bg2 Bd6 10. O-O Nf6 11. Bg5 Be5 12. Kh1 O-O 13. Qd2 d4 14. Ne2 c5 15. f4 Bd6 16. e5 Bxe5 17. fxe5 Nd5 18. c4 dxc3 19. Nxc3 Qxe5 20. Nxd5 exd5 21. Qxd5 Qxd5 22. Bxd5 Rb8 23. Be7 Bb7 24. Bxb7 Rfe8 25. Bxa6 Rxe7 26. Rae1 Rd7 27. Bc4 h6 28. Rf2 Rbd8 29. Rxf7 Rxf7 30. Rf1 Rdf8 31. Rxf7 Rxf7 32. a4 Kf8 33. Bxf7 Ke7 34. a5 Kd7 35. a6 Kc7 36. Bc4 Kb6 37. Kg2 g5 38. Kf3 h5 39. Ke4 Kc6 40. Kf5 h4 41. Kxg5 hxg3 42. hxg3 Kc7 43. Kf6 Kc8 44. g4 Kc7 45. g5 Kb8 46. g6 Ka8 47. g7 Ka7 48. g8=Q Kb6 49. Qb8+ Kc6 50. b3 Kd7 51. Bb5# 1-0

[Event "FIDE WCCC Open-10 2024"]
[Site "Montesilvano"]
[Date "2024.11.26"]
[Round "11.44"]
[White "Nguyen, Huynh Minh Huy"]
[Black "Burba, Mikita"]
[Result "1/2-1/2"]
[Annotator "TA"]
[ECO "D60"]
[WhiteElo "2423"]
[BlackElo "1528"]
[PlyCount "104"]
[EventDate "2024.11.18"]
[EventType "swiss"]
[EventCountry "ITA"]
[SourceTitle "playchess.com"]
[Source "ChessBase"]
[SourceQuality "1"]
[TimeControl "5400+30"]

1. d4 d5 2. c4 e6 3. Nf3 Nf6 4. Nc3 Nbd7 5. Bg5 Be7 6. e3 O-O 7. Bd3 dxc4 8. Bxc4 c5 9. O-O cxd4 10. Nxd4 Nb6 11. Bb3 Nbd5 12. Nxd5 Nxd5 13. Bxe7 Qxe7 {[%emt 0:01:27] White is slightly better.} 14. Bxd5 exd5 15. Rc1 Be6 16. Qd2 {[%emt 0:01:38] White is more active.} Rac8 17. Rfd1 Rfd8 18. h3 h6 19. Ne2 Rc6 20. Qd4 Ra8 21. Nf4 Rac8 22. Ne2 (22. Nxd5 $2 {perishes.} Bxd5 23. Rxc6 Bxc6 $19) (22. Rxc6 $14 bxc6 23. Qe5) 22... b6 23. Rxc6 Rxc6 24. Nc3 Qg5 25. h4 Qh5 {[%emt 0:02:11] [#] Strongly threatening ...Rc4.} 26. Nxd5 Bxd5 27. Qxd5 Qxd5 28. Rxd5 $11 {[%emt 0:00:03][%mdl 4096] Endgame. KR-KR} Rc1+ 29. Kh2 Rc2 30. Rd8+ Kh7 31. Rd7 Rxf2 32. Rxa7 Rxb2 33. a4 Kg6 34. Kg3 Rb4 35. Ra6 f6 36. Ra7 h5 37. Ra6 Rg4+ 38. Kf3 Rxh4 39. e4 $1 Rh1 40. Rxb6 Ra1 41. Rb4 Kh6 42. Rc4 Kg6 43. g3 Kh6 44. Kf4 Rf1+ 45. Ke3 Rg1 46. Kf2 Ra1 47. Rb4 Kg6 48. Kf3 Kh6 49. Rd4 Kg6 50. Rc4 Kh6 51. Rb4 Kg6 52. Rc4 Kh6 {[%emt 0:00:09] Weighted Error Value: White=0.09 (flawless) /Black=0.10 (very precise) .  Mistake:       	White=1     	---        Inaccurate:     	White=4     	Black=6      OK:         	White=14    	Black=8      Best:        	White=3     	Black=2      Strong:       	White=1     	---} 1/2-1/2

[Event "FIDE WCCC Open-10 2024"]
[Site "Montesilvano"]
[Date "2024.11.26"]
[Round "11.45"]
[White "Mikkelsen, Anders Askjaer"]
[Black "Shrubok, Herman"]
[Result "1/2-1/2"]
[Annotator "NA RC"]
[ECO "B07"]
[WhiteElo "1745"]
[BlackElo "1477"]
[PlyCount "73"]
[EventDate "2024.11.18"]
[EventType "swiss"]
[EventCountry "ITA"]
[SourceTitle "playchess.com"]
[Source "ChessBase"]
[SourceQuality "1"]
[TimeControl "5400+30"]

1. e4 d6 2. d4 Nf6 3. Nc3 e5 4. dxe5 dxe5 5. Qxd8+ Kxd8 6. Bg5 Be6 7. O-O-O+ Kc8 8. Nf3 Nbd7 9. Bd3 c6 10. Ne2 Bc5 11. Rhf1 a5 12. a3 b5 13. Nd2 h6 14. Bxf6 gxf6 15. f4 Nb6 16. f5 Bc4 17. Bxc4 Nxc4 18. Nxc4 bxc4 19. Rf3 Kc7 20. Nc3 Rhg8 21. g3 Rad8 22. Nb1 Rxd1+ 23. Kxd1 Bg1 24. Ke2 Rb8 25. b3 cxb3 26. Rxb3 Rd8 27. h3 Rd4 28. Nd2 Ra4 29. Kf3 Bc5 30. Nb1 Rc4 31. Rc3 Rxc3+ 32. Nxc3 Bxa3 33. Ke3 Bb2 34. Na4 Bd4+ 35. Kd3 c5 36. g4 Kc6 37. Kc4 1/2-1/2

[Event "FIDE WCCC Open-10 2024"]
[Site "Montesilvano"]
[Date "2024.11.26"]
[Round "11.48"]
[White "Yao, Lucas Mason Pin Qian"]
[Black "Zilincan, Tomas"]
[Result "1-0"]
[Annotator "NA RC"]
[ECO "C01"]
[WhiteElo "1687"]
[BlackElo "1778"]
[PlyCount "49"]
[EventDate "2024.11.18"]
[EventType "swiss"]
[EventCountry "ITA"]
[SourceTitle "playchess.com"]
[Source "ChessBase"]
[SourceQuality "1"]
[TimeControl "5400+30"]

1. e4 e6 2. d4 d5 3. exd5 exd5 4. Bf4 Bd6 5. Qd2 Ne7 6. Nc3 c6 7. O-O-O b5 8. Bd3 a5 9. Nge2 a4 10. f3 Qc7 11. Rhe1 Nd7 12. Bg5 f6 13. Bf4 Nb6 14. Bxd6 Qxd6 15. Qf4 Qb4 16. a3 Qa5 17. Qd6 Bd7 18. Nf4 Nbc8 19. Rxe7+ Nxe7 20. Re1 O-O 21. Rxe7 Be8 22. Qe6+ Kh8 23. Qf5 g6 24. Qh3 Qd8 25. Qxh7# 1-0